 Dungeon Crawl Stone Soup version 0.31-a0-188-g5e087ee2ca (webtiles) character file.

Game seed: 1911806598597982768

508 qw the Skirmisher (level 6, 0/37 HPs)
             Began as a Deep Elf Hunter on June 23, 2023.
             Was an Initiate of Okawaru.
             Slain by Blork the orc
             ... wielding a +0 halberd
              (10 damage)
             ... on level 4 of the Dungeon.
             The game lasted 00:01:02 (2341 turns).

qw the Skirmisher (Deep Elf Hunter)                 Turns: 2341, Time: 00:01:02

Health: 0/37       AC:  7    Str: 10    XL:     6   Next: 98%
Magic:  5/8        EV: 14    Int: 14    God:    Okawaru [......]
Gold:   144        SH:  0    Dex: 18    Spells: 5/5 levels left

rFire   + . .        Y - +0 shortbow (freeze)
rCold   . . .        (shield currently unavailable)
rNeg    . . .        h - +0 ring mail
rPois   .            (no helmet)
rElec   .            (no cloak)
rCorr   .            a - +0 pair of gloves
SInv    .            (no boots)
Will    .....        (no amulet)
Stlth   +++          e - ring of protection from fire
HPRegen 0.26/turn    (no ring)
MPRegen 0.11/turn

%: no passive effects
@: about to teleport, heroic
A: no striking features
a: Renounce Religion


You were on level 4 of the Dungeon.
You worshipped Okawaru.
Okawaru was noncommittal.
You visited 1 branch of the dungeon, and saw 4 of its levels.

You collected 144 gold pieces.


   Skills:
 - Level 3.4(8.4) Fighting
 + Level 9.8(14.8) Ranged Weapons
 - Level 2.4(7.4) Dodging
 - Level 1.2(6.2) Stealth
 + Level 0.1 Invocations


You had 5 spell levels left.
You didn't know any spells.
Your spell library was empty.

Inventory:

Hand Weapons
 Y - a +0 shortbow of freezing (weapon)
Armour
 a - a +0 pair of gloves (worn)
 h - a +0 ring mail (worn)
Jewellery
 e - a ring of protection from fire (left hand)
Scrolls
 f - a scroll of identify {unknown}
Potions
 b - a potion of invisibility {unknown}
 c - a potion of haste {unknown}
 d - a potion of resistance {unknown}
 g - a potion of mutation {unknown}

Dungeon Overview and Level Annotations

Branches:
Dungeon (4/15)
 Temple: D:4-7

Altars:
Okawaru
The Shining One

Annotations:
D:4 Blork the orc, Menkaure


Message History

The puff of flame hits you!
Enter note:
2329 ||| INVOKING Heroism.
You gain the combat prowess of a mighty hero.
Blork the orc suddenly curses.
Blork the orc hits you from afar with a +0 halberd!
Enter note:
2330 ||| UPGRADING to ring of protection from fire.
e - a ring of protection from fire (left hand)
Enter note:
Enter note:
2332 ||| FLEEEEING.
There is an open door here.
2333 ||| FLEEEEING.
2334 ||| FLEEEEING.
2335 ||| STILL FLEEEEING.
You shoot an arrow. The arrow hits Blork the orc.
The arrow freezes Blork the orc.
Blork the orc is lightly wounded.
You shoot an arrow. The arrow barely misses Blork the orc.
Blork the orc screams, "I'll break your legs!"
Blork the orc barely misses you.
You shoot an arrow.
The arrow hits Blork the orc but does no damage.
Blork the orc is lightly wounded.
Blork the orc casts a spell at you. The magic dart hits you.
2339 ||| READING scroll of teleportation.
As you read the scroll of teleportation, it crumbles to dust.
You feel strangely unstable. Blork the orc closely misses you.
You shoot an arrow. The arrow hits Blork the orc!
The arrow freezes Blork the orc.
Blork the orc is heavily wounded.
You feel like a meek peon again.
2341 ||| INVOKING Heroism.
You gain the combat prowess of a mighty hero.
You can no longer gain great but temporary skills.
Blork the orc hits you from afar with a +0 halberd!
You die...

#...# #...#
##'## ## #.#
+.##'#####
#........#
#........#
#........#
########@#####
... #..######
#.###o.......
#.o.'........
#..##........
#..##........
#..##........
#..##........
#..##........


You could see Blork the orc.

Vanquished Creatures
  Grinder (D:4)
  Eustachio (D:4)
  Jessica (D:2)
  An orc wizard (D:3)
  4 adders
  An ufetubus (D:4)
  5 worms
  3 dart slugs
  5 orcs
  7 ball pythons
  12 endoplasms
  2 giant cockroaches
  5 goblins
  5 hobgoblins
  3 jackals (D:3)
  6 quokkas
  5 bats
  4 frilled lizards
  A kobold (D:1)
  6 rats
78 creatures vanquished.

Notes
Turn   | Place    | Note
-------+----------+-------------------------------------------
     0 | D:1      | qw the Deep Elf Hunter began the quest for the Orb.
     0 | D:1      | Reached XP level 1. HP: 12/12 MP: 3/3
     0 | D:1      | 0 ||| qw: Version: 0.3-a-9-g12657ce
     0 | D:1      | 0 ||| qw: Game counter: 3298
     0 | D:1      | 0 ||| qw: Always use a shield: true
     0 | D:1      | 0 ||| qw: God list: Okawaru
     0 | D:1      | 0 ||| qw: Allow faded altars: false
     0 | D:1      | 0 ||| qw: Do Orc after D:15 true
     0 | D:1      | 0 ||| qw: Do second Lair branch before Depths: true
     0 | D:1      | 0 ||| qw: Lair rune preference: random
     0 | D:1      | 0 ||| qw: Plans: Normal
     0 | D:1      | 0 ||| PLANNING D:1-11
   169 | D:1      | Reached XP level 2. HP: 16/16 MP: 4/4
   186 | D:1      | Reached skill level 6 in Ranged Weapons
   609 | D:1      | 609 ||| READING scroll labelled CIBYLU CYDIACK.
   641 | D:1      | 641 ||| READING scroll labelled WIPIUL BESOV.
   642 | D:1      | 642 ||| DROPPING scroll of butterflies.
   666 | D:2      | Reached XP level 3. HP: 20/20 MP: 5/5
   810 | D:2      | Reached skill level 7 in Ranged Weapons
  1151 | D:2      | Reached XP level 4. HP: 25/25 MP: 6/6
  1165 | D:2      | Noticed Jessica
  1168 | D:2      | Killed Jessica
  1377 | D:2      | 1377 ||| UPGRADING to +0 pair of gloves.
  1382 | D:2      | 1382 ||| UPGRADING to +0 scale mail.
  1392 | D:2      | 1392 ||| DROPPING +0 leather armour.
  1393 | D:2      | 1393 ||| READING scroll labelled KUMIJU UDUHUGU.
  1397 | D:2      | 1397 ||| READING scroll labelled SENOTA CIRI.
  1398 | D:2      | 1398 ||| READING scroll labelled AWNERI XAUSA.
  1542 | D:3      | You fall into a shaft and drop 1 floor!
  1544 | D:4      | 1544 ||| FLEEEEING.
  1545 | D:4      | 1545 ||| FLEEEEING.
  1546 | D:4      | 1546 ||| STAIRDANCE
  1552 | D:3      | Reached skill level 8 in Ranged Weapons
  1591 | D:3      | Found a glowing golden altar of the Shining One.
  1601 | D:3      | 1601 ||| DROPPING +3 sling.
  1622 | D:3      | Found an iron altar of Okawaru.
  1623 | D:3      | 1623 ||| PLANNING OKAWARU WORSHIP
  1663 | D:3      | 1663 ||| READING scroll labelled TEISASSOSAUW.
  1664 | D:3      | 1664 ||| READING scroll labelled TEHUEKHL NUDEKU.
  1703 | D:3      | Became a worshipper of Warmaster Okawaru
  1704 | D:3      | 1704 ||| PLANNING D:1-11
  1794 | D:3      | Reached XP level 5. HP: 27/29 MP: 7/7
  2088 | D:3      | 2088 ||| UPGRADING to +0 ring mail.
  2098 | D:3      | 2098 ||| DROPPING +0 scale mail.
  2130 | D:4      | Noticed Eustachio
  2137 | D:4      | Killed Eustachio
  2138 | D:4      | Reached skill level 9 in Ranged Weapons
  2138 | D:4      | Reached XP level 6. HP: 34/34 MP: 8/8
  2139 | D:4      | Noticed Grinder
  2153 | D:4      | HP: 8/34 [Grinder/nerve-wracking pain (9)]
  2154 | D:4      | 2154 ||| READING 2 scrolls of teleportation.
  2158 | D:4      | Noticed Menkaure
  2160 | D:4      | HP: 6/34 [orc/+0 whip (4)]
  2161 | D:4      | 2161 ||| READING scroll of teleportation.
  2161 | D:4      | HP: 1/34 [orc/+0 whip (4)]
  2167 | D:4      | Killed Grinder
  2167 | D:4      | Reached * piety under Okawaru
  2168 | D:4      | Reached skill level 3 in Fighting
  2328 | D:4      | Noticed Blork the orc
  2329 | D:4      | 2329 ||| INVOKING Heroism.
  2330 | D:4      | 2330 ||| UPGRADING to ring of protection from fire.
  2332 | D:4      | 2332 ||| FLEEEEING.
  2333 | D:4      | 2333 ||| FLEEEEING.
  2334 | D:4      | 2334 ||| FLEEEEING.
  2338 | D:4      | HP: 9/37 [Blork the orc/magic dart (5)]
  2339 | D:4      | 2339 ||| READING scroll of teleportation.
  2341 | D:4      | 2341 ||| INVOKING Heroism.
  2341 | D:4      | Slain by Blork the orc

Levels and vault maps discovered:
D:1:      dpeg_arrival_long_road, layout_loops_ring
D:2:      minmay_wonky_spiral, layout_rooms, kennysheep_crisscross, uniq_jessica
D:3:      layout_basic, mainiacjoe_overflow_catwalk_spiral
D:4:      layout_basic, guppyfry_shop_venom, uniq_grinder, uniq_blork_the_orc,
          uniq_menkaure, uniq_pikel, uniq_eustachio

Skill      XL: |  1  2  3  4  5  6 |
---------------+-------------------+-----
Ranged Weapons | 6 7 8 9 |  9.8
Fighting       | 3 |  3.4
Dodging        | |  2.4
Stealth        | |  1.2
Invocations    | |  0.1

Action                     |  1- 3 |  4- 6 || total
---------------------------+-------+-------++-------
   Fire: Shortbow          |   122 |   132 ||   254
 Invoke: Heroism           |       |     2 ||     2
    Use: Scroll            |     2 |     8 ||    10
 Armour: Leather armour    |     4 |       ||     4
         Scale mail        |       |    19 ||    19
         Ring mail         |       |    11 ||    11
  Dodge: Dodged            |    19 |    36 ||    55

Table legend:
 A = Non-vault XP
 B = Vault XP
 C = Vault XP percentage of total XP
 D = Non-vault monster count
 E = Vault monster count
 F = Vault count percentage of total count
                 A         B        C        D         E       F
            +---------+---------+-------+---------+---------+-------
      Total |     227 |     500 |  68.8 |      69 |       9 |  11.5
            +---------+---------+-------+---------+---------+-------
        D:1 |      35 |       0 |   0.0 |      22 |       0 |   0.0
        D:2 |      54 |      51 |  48.6 |      19 |       7 |  26.9
        D:3 |     104 |       0 |   0.0 |      22 |       0 |   0.0
        D:4 |      34 |     449 |  93.0 |       6 |       2 |  25.0
            +---------+---------+-------+---------+---------+-------
